 Dungeon Crawl Stone Soup version 0.18.1-6-gd335043 (webtiles) character file.

732587 Moloch the Executioner (level 27, -30/195 HPs)
             Began as a Formicid Fighter on May 20, 2016.
             Was the Champion of Makhleb.
             Annihilated by Qoafoxki the pandemonium lord (34 damage)
             ... in Pandemonium.
             The game lasted 03:11:13 (58745 turns).

Moloch the Executioner (Formicid Fighter)          Turns: 58745, Time: 03:11:14

Health: -30/195    AC: 33    Str: 36    XL:     27
Magic:  0/47       EV: 15    Int:  8    God:    Makhleb [******]
Gold:   4084       SH: 29    Dex: 21    Spells: 8 memorised, 24 levels left

rFire  + + .     SeeInvis +     y - +9 executioner's axe (holy)
rCold  + + +     Gourm    .     s - +7 chain mail of Immorality {rC+ Regen+}
rNeg   . . .     Faith    .     X - +2 large shield of the Shining Light {rPois Str+4}
rPois  +         Spirit   .     (helmet unavailable)
rElec  +         Dismiss  .     o - +2 cloak
rCorr  .         Reflect  .     w - -3 pair of gloves of Awe {rElec Regen+ Dex+3 Stlth-}
SustAt .         Harm     .     O - +1 pair of boots "Ecixec" {*Contam Str+2 Dex+4}
MR     ++++.     Clarity  +     K - amulet "Xorchesi" {MR+ Regen+}
Stlth  ..........               E - ring of protection from magic
                                C - ring "Eroud" {rF+ rC++ Str+3 Int-2}

@: singing, incredibly resistant to hostile enchantments, extremely unstealthy
A: permanent stasis, dig shafts and tunnels, four strong arms, antennae 3,
talons 2, rough black scales 1, thin metallic scales 1, agile 1, blurry vision
3, clarity, cold resistance 1, dopey 1, fire resistance 1, frail 1, electricity
resistance, subdued magic 2, MP-powered wands
a: Dig, Shaft Self, Minor Destruction, Lesser Servant of Makhleb, Major
Destruction, Greater Servant of Makhleb, Renounce Religion, Stop Singing
}: 5/15 runes: barnacled, slimy, silver, demonic, gossamer


You were in Pandemonium.
You worshipped Makhleb.
Makhleb was exalted by your worship.
You were not hungry.

You visited 11 branches of the dungeon, and saw 56 of its levels.
You visited Pandemonium 1 time, and saw 15 of its levels.
You visited the Abyss 1 time.
You visited 3 bazaars.
You also visited: Labyrinth, Sewer, Ice Cave, Volcano and Wizlab.

You collected 9250 gold pieces.
You spent 5166 gold pieces at shops.

Inventory:

Hand Weapons
 y - a +9 executioner's axe of holy wrath (weapon)
 M - a +1 antimagic battleaxe
Missiles
 Q - 12 throwing nets (quivered)
Armour
 i - the +3 large shield of Exclusion {rN+}
   (You acquired it on level 2 of the Orcish Mines)

   It protects you from negative energy.
 o - a +2 cloak (worn)
 s - the +7 chain mail of Immorality (worn) {rC+ Regen+}
   (You bought it in a shop on level 3 of the Depths)

   It protects you from cold.
   It increases your rate of regeneration.
 v - a +8 gold dragon armour
 w - the -3 pair of gloves of Awe (worn) {rElec Regen+ Dex+3 Stlth-}
   (Okawaru gifted it to you in a labyrinth)

   It affects your dexterity (+3).
   It insulates you from electricity.
   It increases your rate of regeneration.
   It makes you less stealthy.
 G - the +4 moon troll leather armour {Spirit, Regen++ MP+5}
   (You found it on level 6 of the Pits of Slime)

   It affects your magic capacity (+5).
   It increases your rate of regeneration.
 H - a +2 pair of boots of flying
 O - the +1 pair of boots "Ecixec" (worn) {*Contam Str+2 Dex+4}
   (Okawaru gifted it to you in a wizard's laboratory)

   It affects your strength (+2).
   It affects your dexterity (+4).
   It causes magical contamination when unequipped.
 X - the +2 large shield of the Shining Light (worn) {rPois Str+4}
   (You bought it in a shop in a bazaar)

   It affects your strength (+4).
   It protects you from poison.
Jewellery
 a - an uncursed ring of resist corrosion
 C - the ring "Eroud" (left hand) {rF+ rC++ Str+3 Int-2}
   (You bought it in a shop in a bazaar)

   [ring of strength]

   It affects your strength (+3).
   It affects your intelligence (-2).
   It protects you from fire.
   It greatly protects you from cold.
 D - the ring "Heticwo" {SustAt rF+}
   (You took it off a vault warden on level 5 of the Vaults)

   [ring of sustain attributes]

   It sustains your strength, intelligence and dexterity.
   It protects you from fire.
 E - a ring of protection from magic (right hand)
 K - the amulet "Xorchesi" (around neck) {MR+ Regen+}
   (You took it off an orc wizard on level 11 of the Dungeon)

   [amulet of regeneration]

   It affects your resistance to hostile enchantments.
   It increases your rate of regeneration.
 P - an uncursed ring of sustain attributes
Wands
 l - a wand of heal wounds (8/9)
 F - a wand of heal wounds (7/9)
 I - a wand of digging (6/24)
 J - a wand of heal wounds (6/9)
Scrolls
 c - 24 scrolls of identify
 j - 4 scrolls of fear
 k - 35 scrolls of remove curse
 p - 4 scrolls of fog
 r - 2 scrolls of holy word
 u - 8 scrolls of recharging
 z - 2 scrolls of brand weapon
 L - 5 scrolls of magic mapping
 R - 5 scrolls of enchant weapon
 U - 5 scrolls of summoning
 V - 6 scrolls of silence
Potions
 d - 7 potions of might
 e - 9 potions of agility
 g - a potion of cancellation
 h - 24 potions of curing
 n - 6 potions of flight
 t - 7 potions of magic
 x - 14 potions of brilliance
 A - 12 potions of heal wounds
 N - 5 potions of cure mutation
 W - 7 potions of resistance
Miscellaneous
 B - a legendary deck of wonders {Dowsing}
 S - a phantom mirror
Comestibles
 b - 31 meat rations
 f - 42 bread rations
 m - 20 fruits
 q - 27 beef jerkies


   Skills:
 - Level 17.8 Fighting
 - Level 26.2 Axes
 - Level 7.1 Throwing
 + Level 19.6 Armour
 - Level 6.4 Dodging
 - Level 21.0 Shields
 * Level 20.0 Spellcasting
 - Level 14.2 Charms
 - Level 10.0 Necromancy
 - Level 10.4 Translocations
 * Level 11.5 Air Magic
 * Level 16.0 Invocations


You had 24 spell levels left.
You knew the following spells:

 Your Spells              Type           Power        Failure   Level  Hunger
a - Regeneration          Chrm/Necr      ###.......   1%          3    None
b - Song of Slaying       Chrm           ###.....     0%          2    None
c - Spectral Weapon       Hex/Chrm       ##......     1%          3    None
d - Silence               Hex/Air        ##........   30%         5    #####..
e - Deflect Missiles      Chrm/Air       ###.......   8%          6    ######.
f - Tornado               Air            ###.......   100%        9    #######
g - Warp Weapon           Chrm/Tloc      ###.......   1%          5    #####..
h - Dragon's Call         Summ           #.........   100%        9    #######


Dungeon Overview and Level Annotations

Branches:
Dungeon (15/15)            Temple (1/1) D:6            Lair (8/8) D:11
 Shoals (4/4) Lair:6       Spider (4/4) Lair:5        Slime (6/6) Lair:8
    Orc (2/2) D:10            Elf (3/3) Orc:2        Vaults (5/5) D:14
  Crypt (3/3) Vaults:2       Tomb (0/3) Crypt:3      Depths (5/5) D:15
    Zot (0/5) Depths:5

Altars:
Ashenzari
Cheibriados
Dithmenos
Elyvilon
Fedhas
Gozag
Kikubaaqudgha
Makhleb
Nemelex Xobeh
Okawaru
Pakellas
Qazlal
Ru
Sif Muna
Trog
Vehumet
Xom
Yredelemnul
Zin
The Shining One
Jiyva

Shops:
D:13 ?   D:15 [   Orc:2 }}**   Elf:2 =   Elf:3 (   Vaults:4 ?   Depths:3 [
Depths:5 [}

Portals:
Hell: Depths:1 Depths:2 Depths:3 Depths:4 Depths:5
Abyss: Depths:4 Depths:5
Pandemonium: Depths:3
Ziggurat: Depths:1

Annotations:
Lair:5 exclusion: 2 oklob plants


Innate Abilities, Weirdness & Mutations

You are under a permanent stasis effect.
You can dig through walls and to a lower floor.
Your four strong arms can wield two-handed weapons with a shield.
You have a pair of large antennae on your head (SInv).
You have razor-sharp toenails.
You are partially covered in rough black scales (AC +4, Dex -1).
You are partially covered in thin metallic scales (AC +2).
You are agile. (Dex +2)
Scrolls take you much longer to read.
You possess an exceptional clarity of mind.
Your flesh is cold resistant.
You are dopey. (Int -2)
Your flesh is heat resistant.
You are frail (-10% HP).
You are resistant to electric shocks.
Your spells are easier to cast, but less powerful.
You expend magic power (3 MP) to strengthen your wands.


Message History

Qoafoxki hits you!
* * * LOW HITPOINT WARNING * * *
You feel your power leaking away.
You cut Qoafoxki into ribbons!!!
Qoafoxki convulses!!
Qoafoxki is severely wounded.
Qoafoxki sneers, "Quail, thou dissembling milk-livered pustule!"
Qoafoxki hits you!!
* * * LOW HITPOINT WARNING * * *
You feel your power leaking away.
Unknown command.
You completely miss Qoafoxki.
Qoafoxki is severely wounded.
You block Qoafoxki's attack.
Unknown command.
Drink which item? (? for menu, Esc to quit)
You feel much better. Qoafoxki hits you!!
* * * LOW HITPOINT WARNING * * *
You feel your power leaking away. Qoafoxki hits you!!
You die...

........................
........................
......#'######[#........
..).. #.# #.#........
.... #.# #.#........ ...
#.# #.#......). .. #.#
#.#........ . #.#
##.#........ #@#
.##.#........
#&##{.##.#.#######
#223{....#. ########## {


You could see Qoafoxki and 2 green deaths.

Vanquished Creatures
  the Royal Jelly (Slime:6)
  Dissolution (Slime:4)
  Khufu (Crypt:2)
  A juggernaut (Depths:3)
  9 pandemonium lords (Pan)
  3 greater mummies
  Boris (Crypt:2)
  Nikola (Spider:2)
  3 golden dragons
  An iron giant (Depths:5)
  2 Tzitzimimeh (Pan)
  Arachne (Spider:2)
  A bone dragon (Abyss:2)
  Jorgrun (Crypt:2)
  5 Brimstone Fiends (Pan)
  A Cloud Mage (WizLab)
  6 liches
  4 Hell Sentinels (Pan)
  Rupert (D:14)
  6 Ice Fiends (Pan)
  Asterion (Vaults:1)
  10 titans
  6 tentacled monstrosities
  9 deep elf blademasters
  8 deep elf master archers
  17 acid blobs
  Gastronok (Lair:1)
  3 tentacled starspawn (Abyss:2)
  9 Executioners (Pan)
  2 ancient champions
  6 sphinxes
  5 storm dragons
  Roxanne (Spider:2)
  5 shadow dragons (Vaults:5)
  Agnes (Spider:2)
  8 tengu reavers
  Ilsuiw (Shoals:4)
  14 daevas
  10 azure jellies
  3 revenants
  26 frost giants
  21 fire giants
  5 iron dragons
  9 cacodemons (Pan)
  7 ghost moths
  Donald (D:14)
  12 vault wardens
  5 warmongers (Pan)
  A chaos champion (Pan)
  9 deep elf sorcerers
  2 draconian knights (Depths:5)
  9 emperor scorpions
  2 curse skulls
  4 deep elf elementalists
  9 angels
  15 reapers
  9 balrugs (Pan)
  31 stone giants
  4 war gargoyles
  2 spriggan defenders (Depths:2)
  15 ironheart preservers
  9 vampire knights
  6 blood saints (Pan)
  22 very ugly things
  6 corrupters (Pan)
  2 deep elf demonologists
  Nessos (Lair:5)
  7 black suns (Pan)
  2 mottled draconians
  15 deep elf annihilators
  A red draconian (Depths:5)
  2 green draconians (Depths:5)
  A white draconian (Depths:5)
  A yellow draconian (Depths:5)
  13 spark wasps
  6 lorocyprocas (Pan)
  7 eidola
  A dire elephant (Lair:8)
  A minotaur (Lab)
  3 merfolk javelineers (Shoals:4)
  6 green deaths (Pan)
  Snorg (Lair:5)
  6 deep elf death magi
  14 ettins
  8 blizzard demons (Pan)
  13 fire dragons
  The ghost of nubinia the Thaumaturge, a journeyman DEFE of Zin (Lair:6)
  11 jiangshi
  2 mummy priests (Crypt:3)
  6 deep elf high priests
  7 death oozes
  7 merfolk impalers
  32 vault guards
  5 rakshasas
  15 yaktaur captains
  6 hell beasts
  7 entropy weavers
  12 great orbs of eyes
  A hydra (shapeshifter) (Vaults:5)
  7 hydras
  8 spriggan air magi
  15 ice dragons
  2 catoblepae
  6 merfolk aquamancers
  12 centaur warriors
  4 alligator snapping turtles
  23 dancing weapons
  A satyr (Shoals:1)
  13 monstrous demonspawn (Pan)
  4 death knights
  15 deep troll shamans
  An anaconda (shapeshifter) (Depths:3)
  8 merfolk avatars
  11 death yaks
  17 ogre magi
  11 vampire magi
  A titan zombie (D:15)
  14 deep troll earth magi
  7 spriggan berserkers
  6 holy swine (Pan)
  9 tengu warriors
  Nergalle (Lair:2)
  5 orc high priests
  27 deep elf knights
  A shock serpent (shapeshifter) (Depths:1)
  10 hell knights
  3 iron trolls
  18 soul eaters
  Sonja (Lair:3)
  17 sun demons
  2 fire crabs (shapeshifter)
  14 skeletal warriors
  4 shadow wraiths
  A wretched star (Abyss:2)
  13 unseen horrors
  45 deep trolls
  2 fire crabs (Vaults:1)
  A storm dragon skeleton (Crypt:2)
  2 giant orange brains
  8 shadow demons
  An unseen horror (shapeshifter) (Vaults:1)
  11 gelid demonspawn (Pan)
  13 sea snakes
  A death drake (shapeshifter) (Depths:1)
  A swamp dragon (shapeshifter) (Depths:5)
  6 flayed ghosts
  An infernal demonspawn (Pan)
  A cherub (Pan)
  A wolf spider zombie (D:14)
  30 deep elf archers
  7 putrid demonspawn (Pan)
  8 torturous demonspawn (Pan)
  13 phantasmal warriors
  13 orc knights
  16 harpies
  3 necromancers
  2 orb spiders (shapeshifter)
  2 sphinx zombies
  6 lindwurms
  21 griffons
  20 ironbrand convokers
  26 orb spiders
  41 wolf spiders
  8 hill giants
  A mana viper (shapeshifter) (Depths:2)
  5 wizards
  A frost giant zombie (D:15)
  7 fauns
  80 deep elf magi
  14 manticores
  2 oklob plants (Spider:3)
  4 orc sorcerers
  9 hornets
  18 sixfirhies
  A cyclops (shapeshifter) (Vaults:1)
  A fire giant zombie (Crypt:2)
  41 ugly things
  A stone giant skeleton (Crypt:1)
  5 shining eyes
  2 shining eyes (shapeshifter) (Vaults:5)
  An octopode (shapeshifter) (Vaults:3)
  4 moths of wrath
  8 cyclopes
  A shock serpent zombie (Crypt:2)
  A guardian serpent (shapeshifter) (D:14)
  17 smoke demons (Pan)
  11 sirens
  15 elephants
  24 large abominations
  26 vault sentinels
  7 water nymphs
  An apis skeleton (Crypt:3)
  18 spiny frogs
  6 black mambas
  2 gargoyles (Volcano)
  2 rust devils
  3 eyes of devastation
  11 orange demons
  A torpor snail (Spider:4)
  An ice statue (IceCv)
  2 molten gargoyles (Volcano)
  A black draconian zombie (Crypt:3)
  4 kobold demonologists
  7 rime drakes
  A human zombie (Vaults:1)
  53 yaktaurs
  2 ice devils (Pan)
  An efreet (Pan)
  7 tengu conjurers
  6 komodo dragons
  4 hellions
  8 freezing wraiths
  15 demonic crawlers
  A red draconian skeleton (Crypt:3)
  3 ancient zymes (Abyss:2)
  18 red devils (Pan)
  20 merfolk
  4 tormentors (Pan)
  36 guardian mummies (Crypt:3)
  8 trolls
  7 hellwings (Pan)
  A death drake zombie (Crypt:2)
  10 wind drakes
  26 jumping spiders
  2 minotaur zombies (Lab)
  14 polar bears
  A hydra skeleton (Crypt:1)
  A troll (shapeshifter) (Elf:3)
  19 blink frogs
  21 two-headed ogres
  A deep troll zombie (D:15)
  A slime creature (shapeshifter) (Vaults:5)
  6 boulder beetles
  8 ushabtiu (Crypt:3)
  101 slime creatures
  5 bog bodies (Crypt:3)
  A fire giant simulacrum (Vaults:3)
  10 snapping turtles
  10 small abominations
  4 shadows
  35 air elementals
  37 tarantellas
  27 ynoxinuls
  75 redbacks
  2 tarantellas (shapeshifter)
  12 wyverns
  A black mamba zombie (Crypt:1)
  A redback (shapeshifter) (Depths:5)
  70 yaks
  12 wraiths
  16 humans (D:14)
  14 water elementals
  2 fire elementals (Volcano)
  2 golden eyes (shapeshifter)
  3 hungry ghosts
  6 neqoxecs (Pan)
  6 basilisks
  14 vampire mosquitoes
  11 chaos spawn
  17 hippogriffs
  Edmund (D:6)
  5 wargs
  10 insubstantial wisps (WizLab)
  A faun zombie (Crypt:1)
  4 mottled dragons
  A human simulacrum (Vaults:1)
  A soldier ant (shapeshifter) (Depths:4)
  A torturous demonspawn skeleton (Crypt:3)
  6 water moccasins
  A giant eyeball (Depths:5)
  A hell hound (Lair:8)
  9 porcupines
  31 orc warriors
  12 black bears (D:11)
  10 ice beasts
  A necrophage (D:11)
  An ogre (shapeshifter) (Depths:2)
  6 sky beasts
  4 eyes of draining
  4 phantoms
  7 boggarts
  10 wasps
  71 ogres
  37 wolves
  A centaur (shapeshifter) (Depths:1)
  14 centaurs
  18 crocodiles
  8 big kobolds
  A snapping turtle skeleton (Crypt:2)
  A gnoll sergeant (D:7)
  14 giant frogs
  2 draconian skeletons (Crypt:2)
  5 earth elementals
  3 wyvern skeletons
  A water moccasin skeleton (Crypt:3)
  4 troll zombies
  3 scorpions
  9 killer bees
  A polar bear zombie (Crypt:1)
  5 electric eels
  18 wights
  7 howler monkeys
  14 crimson imps
  2 giant frog zombies
  6 starcursed masses (Abyss:2)
  11 hounds
  2 quasits
  A basilisk zombie (Crypt:1)
  A centaur zombie (D:8)
  A demonspawn zombie (Crypt:3)
  20 orc priests
  A fire crab simulacrum (Vaults:1)
  A soldier ant zombie (Crypt:2)
  A gnoll shaman (D:11)
  21 jellies
  2 centaur skeletons
  A two-headed ogre zombie (Crypt:1)
  2 giant frog skeletons
  4 iguanas
  42 orc wizards
  11 worker ants
  33 sheep
  A naga zombie (Crypt:1)
  3 ogre zombies (D:10)
  A hound zombie (D:10)
  9 mummies
  3 hound skeletons
  A hell rat zombie (Crypt:3)
  A worker ant zombie (D:7)
  3 gnolls (D:7)
  13 adders
  51 river rats
  2 shadow imps
  6 white imps (Abyss:2)
  2 ufetubi
  An ooze (D:6)
  A lava snake zombie (Crypt:2)
  2 adder skeletons
  2 worms
  4 giant geckos
  87 orcs
  4 ball pythons
  7 bats
  9 giant cockroaches
  7 hobgoblins
  6 jackals
  4 quokkas
  A giant gecko skeleton (D:6)
  8 giant newts
  7 goblins
  2 goblin skeletons
  A goblin zombie (D:10)
  A hobgoblin skeleton (D:10)
  3 hobgoblin zombies (D:10)
  37 kobolds
  An orc skeleton (Crypt:3)
  13 orc zombies
  21 rats
  A river rat zombie (Crypt:1)
  2 crawling corpses (Elf:3)
  2 fire vortices (Volcano)
  5 fungi
  26 plants
  3 starspawn tentacles (Abyss:2)
  A withered plant (D:15)
3313 creatures vanquished.

Vanquished Creatures (others)
  2 titans
  A deep elf blademaster (Depths:2)
  A tengu reaver (Vaults:5)
  2 daevas
  A ghost moth (Spider:4)
  2 frost giants
  6 angels
  An ironheart preserver (Vaults:5)
  A stone giant (Depths:3)
  A black draconian (D:13)
  A mottled draconian (Depths:5)
  5 vault guards (Vaults:5)
  A merfolk javelineer (Shoals:4)
  An ogre mage (Vaults:5)
  A hell knight (Depths:3)
  A flayed ghost (Vaults:5)
  A deep troll (Depths:2)
  A necromancer (Vaults:1)
  A wolf spider (Vaults:5)
  A sixfirhy (Pan)
  A redback (Vaults:5)
  A water elemental (Depths:5)
  A human skeleton (Vaults:1)
  An orc wizard (Vaults:5)
  2 fungi
  7 lost souls
  18 plants
  6 starspawn tentacles (Abyss:2)
  18 starspawn tentacle segments (Abyss:2)
87 creatures vanquished.

Grand Total: 3400 creatures vanquished

Notes
Turn   | Place    | Note
--------------------------------------------------------------
     0 | D:1      | Moloch the Formicid Fighter began the quest for the Orb.
     0 | D:1      | Reached XP level 1. HP: 18/18 MP: 1/1
   177 | D:1      | Reached XP level 2. HP: 24/24 MP: 2/2
   357 | D:1      | Reached skill level 3 in Axes
   502 | D:1      | Reached XP level 3. HP: 26/29 MP: 3/3
   947 | D:2      | Found a bloodstained altar of Trog.
   947 | D:2      | Found a radiant altar of Vehumet.
   949 | D:2      | Found a stormy altar of Qazlal.
  1138 | D:3      | Reached XP level 4. HP: 35/35 MP: 4/4
  1142 | D:3      | Reached skill level 4 in Axes
  1562 | D:3      | Reached XP level 5. HP: 39/41 MP: 5/5
  1785 | D:4      | Reached skill level 5 in Axes
  1894 | D:4      | Found a glowing drain.
  1901 | Sewer    | Entered a sewer
  2035 | Sewer    | Noticed a big kobold
  2041 | Sewer    | Killed a big kobold
  2041 | Sewer    | Reached skill level 6 in Axes
  2041 | Sewer    | Reached XP level 6. HP: 42/47 MP: 6/6
  2320 | Sewer    | Reached skill level 7 in Axes
  2320 | Sewer    | Reached XP level 7. HP: 41/52 MP: 7/7
  2985 | D:5      | Entered Level 5 of the Dungeon
  3117 | D:5      | Reached skill level 8 in Axes
  3456 | D:5      | Reached XP level 8. HP: 58/58 MP: 8/8
  3728 | D:5      | Reached skill level 9 in Axes
  3763 | D:5      | Found a sparkling altar of Nemelex Xobeh.
  3883 | D:6      | Noticed Edmund
  3907 | D:6      | Killed Edmund
  4206 | D:6      | Reached skill level 10 in Axes
  4310 | D:6      | Gained mutation: You expend magic power (3 MP) to strengthen your wands. [mutagenic meat]
  4311 | D:6      | Gained mutation: You have sharp toenails. [mutagenic meat]
  4312 | D:6      | Gained mutation: You are frail (-10% HP). [mutagenic meat]
  4378 | D:6      | Reached XP level 9. HP: 41/57 MP: 9/9
  4632 | D:6      | Reached skill level 11 in Axes
  4898 | D:6      | Found a staircase to the Ecumenical Temple.
  4905 | Temple   | Entered the Ecumenical Temple
  4941 | Temple   | Became a worshipper of Warmaster Okawaru
  5445 | D:7      | Reached skill level 12 in Axes
  5589 | D:7      | Reached * piety under Okawaru
  5938 | D:8      | Noticed a troll
  5956 | D:8      | Killed a troll
  5956 | D:8      | Reached XP level 10. HP: 13/63 MP: 10/10
  6498 | D:8      | Reached skill level 13 in Axes
  6557 | D:8      | Found a glowing silver altar of Zin.
  6890 | D:8      | Lost mutation: You have sharp toenails. [mutagenic meat]
  6891 | D:8      | Gained mutation: You are very frail (-20% HP). [mutagenic meat]
  6892 | D:8      | Gained mutation: You possess an exceptional clarity of mind. [mutagenic meat]
  6969 | D:8      | Gained mutation: Your muscles are strong. (Str +2) [mutagenic meat]
  6970 | D:8      | Lost mutation: Your muscles are strong. (Str +2) [mutagenic meat]
  7232 | D:8      | Reached ** piety under Okawaru
  7401 | D:9      | Noticed a hill giant
  7521 | D:9      | Killed a hill giant
  7521 | D:9      | Reached skill level 14 in Axes
  8087 | D:10     | Entered Level 10 of the Dungeon
  8110 | D:10     | Found a shimmering altar of Xom.
  8418 | D:10     | Noticed a cyclops
  8441 | D:10     | Killed a cyclops
  8441 | D:10     | Reached *** piety under Okawaru
  8456 | D:10     | Reached XP level 11. HP: 60/62 MP: 1/11
  8593 | D:10     | Got a jewelled chain mail
  8612 | D:10     | Identified the +10 chain mail "Xoafiss" {rPois rC+++ Dex+4 Stlth-} (You found it on level 10 of the Dungeon)
  8683 | D:10     | Found a staircase to the Orcish Mines.
  8747 | D:10     | Reached skill level 5 in Fighting
  8852 | D:10     | Reached skill level 15 in Axes
  9178 | D:11     | Noticed a red ugly thing
  9200 | D:10     | Killed a red ugly thing
  9204 | D:10     | Gained mutation: Your magical capacity is low (-10% MP). [mutagenic meat]
  9448 | D:11     | Noticed a cyan ugly thing
  9552 | D:11     | Killed a cyan ugly thing
  9764 | D:11     | Noticed a red ugly thing
  9796 | D:11     | Killed a red ugly thing
  9796 | D:11     | Reached **** piety under Okawaru
  9973 | D:11     | Gained mutation: You are resistant to electric shocks. [mutagenic meat]
  9974 | D:11     | Gained mutation: You are partially covered in rugged brown scales (AC +1, +3% HP). [mutagenic meat]
  9976 | D:11     | Gained mutation: You have large cloven feet. [mutagenic meat]
 10085 | D:11     | Noticed an unseen horror
 10096 | D:11     | Killed an unseen horror
 10268 | D:11     | Reached ***** piety under Okawaru
 10359 | D:11     | Noticed a manticore
 10375 | D:11     | Killed a manticore
 10375 | D:11     | Reached skill level 16 in Axes
 10375 | D:11     | Reached XP level 12. HP: 46/77 MP: 6/10
 10609 | D:11     | Gained mutation: Your muscles are strong. (Str +2) [mutagenic meat]
 10610 | D:11     | Gained mutation: Your body sometimes deteriorates upon taking damage. [mutagenic meat]
 10662 | D:11     | Found an iron altar of Okawaru.
 11019 | D:11     | Got a sparkling iron amulet
 11088 | D:11     | Received a gift from Okawaru
 11098 | D:11     | Got a heavily runed chain mail {god gift}
 11143 | D:11     | Identified the +0 chain mail of Pathos {+Fly MR+} (Okawaru gifted it to you on level 11 of the Dungeon)
 11159 | D:11     | Identified the amulet "Xorchesi" {MR+ Regen+} (You took it off an orc wizard on level 11 of the Dungeon)
 11421 | D:11     | Found a staircase to the Lair.
 12119 | D:12     | Reached skill level 17 in Axes
 12381 | D:12     | Reached skill level 5 in Shields
 12595 | Orc:1    | Entered Level 1 of the Orcish Mines
 12992 | Orc:2    | Entered Level 2 of the Orcish Mines
 12992 | Orc:2    | Found a radiant altar of Vehumet.
 13127 | Lair:1   | Entered Level 1 of the Lair of Beasts
 13127 | Lair:1   | Noticed a seven-headed hydra
 13140 | Lair:1   | Killed a two-headed hydra
 13140 | Lair:1   | Reached XP level 13. HP: 36/85 MP: 8/11
 13169 | Lair:1   | Noticed Gastronok
 13185 | Lair:1   | Killed Gastronok
 13185 | Lair:1   | Reached skill level 10 in Fighting
 13194 | Lair:1   | Found a labyrinth entrance.
 13213 | Lab      | Entered a labyrinth
 13558 | Lab      | Noticed a minotaur
 13568 | Lab      | Killed a minotaur
 13568 | Lab      | Received a gift from Okawaru
 13573 | Lab      | Got a pair of crude gloves {god gift}
 13579 | Lab      | Identified the -3 pair of gloves of Awe {rElec Regen+ Dex+3 Stlth-} (Okawaru gifted it to you in a labyrinth)
 13803 | Lair:1   | Got an ancient platinum amulet
 13840 | Lair:1   | Identified the amulet "Kuenu" {Reflect Int+2 Dex+2 SH+3} (You found it on level 1 of the Lair of Beasts)
 13909 | Lair:1   | Reached skill level 18 in Axes
 14334 | Lair:2   | Noticed Nergalle
 14351 | Lair:2   | Killed Nergalle
 15246 | Lair:3   | Noticed Sonja
 15254 | Lair:3   | Killed Sonja
 15432 | Lair:3   | Noticed a four-headed hydra
 15442 | Lair:3   | Killed a one-headed hydra
 15465 | Lair:3   | Reached XP level 14. HP: 91/91 MP: 12/12
 15549 | Lair:3   | Reached skill level 19 in Axes
 16331 | Lair:4   | Received a gift from Okawaru
 16995 | Lair:5   | Noticed Snorg
 17004 | Lair:5   | Killed Snorg
 17004 | Lair:5   | Reached ****** piety under Okawaru
 17005 | Lair:5   | Reached skill level 20 in Axes
 17096 | Lair:5   | Noticed Nessos
 17121 | Lair:6   | Found a staircase to the Shoals.
 17127 | Lair:6   | Noticed nubinia's ghost (journeyman DEFE)
 17147 | Lair:6   | Killed nubinia's ghost
 17179 | Lair:6   | Found a frozen archway.
 17205 | IceCv    | Entered an ice cave
 17323 | IceCv    | Reached skill level 21 in Axes
 17433 | IceCv    | Received a gift from Okawaru
 17777 | IceCv    | Noticed a frost giant
 17819 | IceCv    | Killed a frost giant
 17819 | IceCv    | Reached skill level 22 in Axes
 17819 | IceCv    | Reached XP level 15. HP: 52/95 MP: 9/13
 17865 | IceCv    | Identified Roem's Handbook of Clay and Calling
 18247 | Lair:7   | Found a dark tunnel.
 18258 | Volcano  | Entered a volcano
 18513 | Lair:7   | Reached skill level 23 in Axes
 19191 | Lair:8   | Entered Level 8 of the Lair of Beasts
 19254 | Lair:8   | Found a blossoming altar of Fedhas.
 19285 | Lair:8   | Identified the Incunabulum of the Birds and Confrontation
 19337 | Lair:8   | Received a gift from Okawaru
 19365 | Lair:8   | Got a faintly glowing plate armour {god gift}
 19381 | Lair:8   | Identified the +0 plate armour of the Elven Halls {rF++ MR++} (Okawaru gifted it to you on level 8 of the Lair of Beasts)
 19742 | Lair:8   | Reached XP level 16. HP: 101/101 MP: 14/14
 19787 | Lair:8   | Reached skill level 24 in Axes
 19934 | Lair:8   | Found a staircase to the Slime Pits.
 19987 | Lair:8   | Received a gift from Okawaru
 20225 | Lair:8   | Gained mutation: You regenerate slowly when monsters are visible. [potion of mutation]
 20226 | Lair:8   | Lost mutation: You have large cloven feet. [potion of mutation]
 20226 | Lair:8   | Gained mutation: You are extremely frail (-30% HP). [potion of mutation]
 20409 | Lair:5   | Found a hole to the Spider Nest.
 20503 | Lair:5   | Killed Nessos
 21410 | Orc:2    | Found a staircase to the Elven Halls.
 21778 | Orc:2    | Received a gift from Okawaru
 21878 | Orc:2    | Found Biem's Gadget Shop.
 21878 | Orc:2    | Found Giavex's Gadget Emporium.
 21881 | Orc:2    | Found Qoweten's General Store.
 21881 | Orc:2    | Found Qosorurph's General Store.
 21904 | Orc:2    | Bought a scroll of acquirement for 676 gold pieces
 21905 | Orc:2    | Got a pitted large shield
 21916 | Orc:2    | Identified the +3 large shield of Exclusion {rN+} (You acquired it on level 2 of the Orcish Mines)
 22340 | D:13     | Found Metacw's Magic Scroll Emporium.
 22353 | D:13     | Bought a scroll of enchant weapon for 105 gold pieces
 22353 | D:13     | Bought a scroll of magic mapping for 49 gold pieces
 22418 | D:13     | Received a gift from Okawaru
 22945 | D:13     | Lost mutation: You regenerate slowly when monsters are visible. [potion of mutation]
 22945 | D:13     | Gained mutation: You have sharp toenails. [potion of mutation]
 22984 | D:14     | Reached skill level 25 in Axes
 23116 | D:14     | Received a gift from Okawaru
 23124 | D:14     | Noticed Rupert
 23126 | D:14     | Noticed Donald
 23157 | D:14     | Killed Rupert
 23175 | D:14     | Killed Donald
 23175 | D:14     | Reached XP level 17. HP: 93/93 MP: 15/15
 23294 | D:14     | Found an opulent altar of Gozag.
 23346 | D:14     | Received a gift from Okawaru
 23465 | D:14     | Lost mutation: You expend magic power (3 MP) to strengthen your wands. [mutagenic meat]
 23469 | D:14     | Gained mutation: You are agile. (Dex +2) [mutagenic meat]
 23470 | D:14     | Gained mutation: You passively map a small area around you. [mutagenic meat]
 23475 | D:14     | Gained mutation: You are mostly covered in rugged brown scales (AC +2, +5% HP). [mutagenic meat]
 23476 | D:14     | Gained mutation: Armour fits poorly on your strangely shaped body. [mutagenic meat]
 23490 | D:14     | Lost mutation: You are extremely frail (-30% HP). [potion of mutation]
 23490 | D:14     | Lost mutation: Your magical capacity is low (-10% MP). [potion of mutation]
 23600 | D:14     | Found a gate to the Vaults.
 23721 | D:15     | Entered Level 15 of the Dungeon
 23745 | D:15     | Gained mutation: Your flesh is cold resistant. [mutagenic meat]
 23793 | D:15     | Lost mutation: You passively map a small area around you. [mutagenic meat]
 23795 | D:15     | Gained mutation: You are partially covered in rough black scales (AC +4, Dex -1). [mutagenic meat]
 23799 | D:15     | Gained mutation: You passively map a small area around you. [mutagenic meat]
 23895 | D:14     | Reached skill level 10 in Shields
 24022 | D:15     | Lost mutation: Armour fits poorly on your strangely shaped body. [mutagenic meat]
 24023 | D:15     | Lost mutation: You are mostly covered in rugged brown scales (AC +2, +5% HP). [mutagenic meat]
 24024 | D:15     | Lost mutation: Your muscles are strong. (Str +2) [mutagenic meat]
 24025 | D:15     | Lost mutation: Your body sometimes deteriorates upon taking damage. [mutagenic meat]
 24139 | D:15     | Found Ycearut's Armour Shop.
 24142 | D:15     | Bought a +0 cloak for 54 gold pieces
 24207 | D:15     | Found a staircase to the Depths.
 24236 | D:15     | Received a gift from Okawaru
 24626 | Spider:1 | Entered Level 1 of the Spider Nest
 24960 | Spider:1 | Gained mutation: Your natural rate of healing is unusually fast. [potion of mutation]
 24960 | Spider:1 | Gained mutation: You are partially covered in thin metallic scales (AC +2). [potion of mutation]
 25525 | Spider:2 | Noticed Nikola
 25544 | Spider:2 | Killed Nikola
 25593 | Spider:2 | Noticed Roxanne
 25638 | Spider:2 | Killed Roxanne
 25638 | Spider:2 | Reached XP level 18. HP: 27/112 MP: 18/18
 26017 | Spider:2 | Noticed Arachne
 26034 | Spider:2 | Killed Arachne
 26349 | Spider:2 | Noticed Agnes
 26363 | Spider:2 | Killed Agnes
 26363 | Spider:2 | Reached skill level 15 in Shields
 26946 | Spider:3 | Received a gift from Okawaru
 26949 | Spider:3 | Got a crude ring mail {god gift}
 26951 | Spider:3 | Identified the +2 ring mail of Generosity {Dex+3} (Okawaru gifted it to you on level 3 of the Spider Nest)
 27279 | Spider:3 | Learned a level 3 spell: Regeneration
 27282 | Spider:3 | Learned a level 2 spell: Song of Slaying
 27286 | Spider:3 | Learned a level 3 spell: Spectral Weapon
 27745 | Spider:4 | Entered Level 4 of the Spider Nest
 27921 | Spider:4 | Gained mutation: You evolve. [mutagenic meat]
 27925 | Spider:4 | Lost mutation: You are very frail (-20% HP). [mutagenic meat]
 28138 | Spider:4 | Reached XP level 19. HP: 118/130 MP: 19/19
 28215 | Spider:4 | Got a gossamer rune of Zot
 28249 | Spider:4 | Reached skill level 26 in Axes
 28374 | Spider:4 | Received a gift from Okawaru
 28474 | Spider:4 | Identified a +2 pair of boots of running (Okawaru gifted it to you on level 4 of the Spider Nest)
 29123 | Vaults:1 | Entered Level 1 of the Vaults
 29195 | Vaults:1 | Noticed Asterion
 29211 | Vaults:1 | Killed Asterion
 29957 | Vaults:1 | Found a flickering gateway to a bazaar.
 29972 | Bazaar   | Entered a bazaar
 29972 | Bazaar   | Found Esathaf's Antique Weapon Shop.
 29986 | Bazaar   | Found Guizyan's Antique Armour Shop.
 30006 | Bazaar   | Found Sifiyts's General Store.
 30037 | Bazaar   | Bought a shimmering plate armour for 448 gold pieces
 30037 | Bazaar   | Bought a spiked plate armour for 448 gold pieces
 30037 | Bazaar   | Bought a crude large shield for 152 gold pieces
 30047 | Bazaar   | Identified the +2 large shield of the Shining Light {rPois Str+4} (You bought it in a shop in a bazaar)
 30070 | Bazaar   | Identified the cursed +0 plate armour of the Crypt {Int+4} (You bought it in a shop in a bazaar)
 30082 | Bazaar   | Identified the cursed +0 plate armour "Iddiaz" {rC++ Regen+ rCorr Dex-3} (You bought it in a shop in a bazaar)
 30143 | Vaults:1 | Received a gift from Okawaru
 30201 | Vaults:1 | Reached XP level 20. HP: 136/136 MP: 20/20
 30918 | Vaults:2 | Received a gift from Okawaru
 31359 | Vaults:2 | Reached skill level 1 in Charms
 31362 | Vaults:2 | Reached skill level 1 in Necromancy
 31374 | Vaults:2 | Reached skill level 1 in Spellcasting
 31462 | Vaults:2 | Received a gift from Okawaru
 31849 | Vaults:2 | Found a staircase to the Crypt.
 32232 | Vaults:3 | Received a gift from Okawaru
 32232 | Vaults:3 | Reached XP level 21. HP: 105/145 MP: 25/25
 32606 | Vaults:3 | Noticed a golden dragon
 32626 | Vaults:3 | Reached skill level 5 in Armour
 32634 | Vaults:3 | Killed a golden dragon
 33419 | Vaults:4 | Found a shadowy altar of Dithmenos.
 33432 | Vaults:4 | Found Senischo's Magic Scroll Boutique.
 33442 | Vaults:4 | Bought a scroll of enchant armour for 112 gold pieces
 33442 | Vaults:4 | Bought a scroll of enchant armour for 112 gold pieces
 33485 | Vaults:4 | Reached skill level 5 in Necromancy
 33491 | Vaults:4 | Reached skill level 5 in Charms
 33613 | Vaults:4 | Reached skill level 5 in Spellcasting
 33617 | Vaults:4 | Received a gift from Okawaru
 33992 | Vaults:4 | Reached XP level 22. HP: 158/158 MP: 28/30
 34407 | Vaults:4 | Received a gift from Okawaru
 34797 | Lair:7   | Reached skill level 1 in Invocations
 34848 | Slime:1  | Entered Level 1 of the Pits of Slime
 34932 | Slime:3  | Gained mutation: Scrolls take you a little longer to read. [a shining eye]
 34964 | Slime:4  | Noticed Dissolution
 34975 | Slime:3  | Reached skill level 5 in Invocations
 35072 | Slime:4  | Killed Dissolution
 35072 | Slime:4  | Received a gift from Okawaru
 35268 | Slime:6  | Entered Level 6 of the Pits of Slime
 35343 | Slime:6  | Reached skill level 10 in Invocations
 35382 | Slime:5  | Lost mutation: You are partially covered in rugged brown scales (AC +1, +3% HP). [evolution]
 35437 | Slime:6  | Found a viscous altar of Jiyva.
 35442 | Slime:6  | Noticed the Royal Jelly
 35477 | Slime:6  | Killed the Royal Jelly
 35702 | Slime:6  | Gained mutation: Your spells are a little easier to cast, but a little less powerful. [a shining eye]
 35751 | Slime:5  | Received a gift from Okawaru
 35754 | Slime:5  | Got a crystal war axe {god gift}
 35757 | Slime:5  | Identified the +4 war axe "Kiaricoll" {chop, SInv} (Okawaru gifted it to you on level 5 of the Pits of Slime)
 35766 | Slime:5  | Reached XP level 23. HP: 143/160 MP: 31/31
 35834 | Slime:6  | Got a crude lapis lazuli ring
 35891 | Slime:6  | Got a coiled granite ring
 35893 | Slime:6  | Got a slimy rune of Zot
 36093 | Lair:8   | Identified the ring of the Barracuda {+Blink rF+} (You found it on level 6 of the Pits of Slime)
 36095 | Lair:8   | Identified the cursed ring "Syaned" {*Contam rPois rN+ Str-3 Dex+4} (You found it on level 6 of the Pits of Slime)
 36172 | Shoals:1 | Entered Level 1 of the Shoals
 36248 | Shoals:1 | Found a flickering gateway to a bazaar.
 36255 | Bazaar   | Entered a bazaar
 36267 | Bazaar   | Found Sugur's Magic Scroll Emporium.
 36267 | Bazaar   | Found Bul Fuchu's Magic Scroll Emporium.
 36301 | Bazaar   | Found Ymaulu Iroann's Gadget Shoppe.
 36301 | Bazaar   | Found Jaxkei's Gadget Shoppe.
 36340 | Bazaar   | Bought a scroll of acquirement for 728 gold pieces
 36340 | Bazaar   | Bought a scroll of enchant armour for 105 gold pieces
 36340 | Bazaar   | Bought a scroll of silence for 105 gold pieces
 36340 | Bazaar   | Bought a scroll of enchant armour for 105 gold pieces
 36371 | Bazaar   | Bought a scroll of brand weapon for 260 gold pieces
 36371 | Bazaar   | Bought a scroll of summoning for 123 gold pieces
 36371 | Bazaar   | Bought a scroll of magic mapping for 45 gold pieces
 36371 | Bazaar   | Bought a scroll of magic mapping for 45 gold pieces
 36491 | Shoals:1 | Reached skill level 1 in Dodging
 37239 | Shoals:2 | Received a gift from Okawaru
 38298 | Shoals:4 | Entered Level 4 of the Shoals
 38461 | Shoals:4 | Noticed Ilsuiw
 38475 | Shoals:4 | Killed Ilsuiw
 38475 | Shoals:4 | Reached skill level 15 in Fighting
 38639 | Shoals:4 | Got a flickering wooden ring
 38641 | Shoals:4 | Identified the ring "Dadush" {rN+ Int+3} (You found it on level 4 of the Shoals)
 38982 | Shoals:4 | Got a barnacled rune of Zot
 39468 | Elf:1    | Entered Level 1 of the Elven Halls
 39595 | Elf:1    | Found a magical portal.
 39600 | WizLab   | Entered The Chambers of Jimnop the Cloud Mage
 39678 | WizLab   | Received a gift from Okawaru
 39681 | WizLab   | Got a pair of encrusted boots {god gift}
 39692 | WizLab   | Identified the +1 pair of boots "Ecixec" {*Contam Str+2 Dex+4} (Okawaru gifted it to you in a wizard's laboratory)
 39774 | WizLab   | Reached XP level 24. HP: 171/171 MP: 34/34
 39966 | WizLab   | Identified the Disquisition on Air
 39974 | WizLab   | Learned a level 5 spell: Silence
 39979 | WizLab   | Got a faintly glowing turquoise ring
 39981 | WizLab   | Identified the ring "Ziolehi" {+Fly Int+3} (You found it in a wizard's laboratory)
 39985 | WizLab   | Identified the Reference Book on Feathers
 39994 | WizLab   | Learned a level 6 spell: Deflect Missiles
 40004 | WizLab   | Learned a level 9 spell: Tornado
 40631 | Elf:1    | Reached skill level 5 in Dodging
 41270 | Elf:2    | Found Vecil's Jewellery Shoppe.
 41388 | Elf:2    | Found a runed gate.
 41388 | Elf:2    | Found a runed gate.
 41398 | Elf:2    | Found a runed gate.
 41930 | Elf:3    | Entered Level 3 of the Elven Halls
 42130 | Elf:3    | Found Apraj's Antique Weapon Emporium.
 42271 | Elf:3    | Received a gift from Okawaru
 42395 | Elf:3    | Got a steaming shield {god gift}
 42422 | Elf:3    | Identified the +5 shield of the City {rCorr} (Okawaru gifted it to you on level 3 of the Elven Halls)
 42738 | Elf:3    | Reached XP level 25. HP: 154/181 MP: 35/35
 42776 | Elf:3    | Gained mutation: You occasionally shout uncontrollably at your foes. [a neqoxec]
 42812 | Elf:3    | Reached skill level 10 in Armour
 42978 | Elf:3    | Got an ancient buckler
 42989 | Elf:3    | Identified the +1 buckler "Karuck" {Int+6} (You took it off a deep elf elementalist on level 3 of the Elven Halls)
 43078 | Elf:3    | Identified the Incunabulum of the Seven Planets
 43104 | Elf:3    | Learned a level 5 spell: Warp Weapon
 43111 | Elf:3    | Lost mutation: You passively map a small area around you. [potion of mutation]
 43474 | Depths:1 | Entered Level 1 of the Depths
 43643 | Depths:1 | Reached skill level 1 in Translocations
 43654 | Depths:1 | Found a gateway to a ziggurat.
 44264 | Depths:1 | Found a gateway to Hell.
 44735 | Depths:2 | Reached skill level 10 in Spellcasting
 44792 | Depths:2 | Received a gift from Okawaru
 44792 | Depths:2 | Reached skill level 10 in Charms
 44811 | Depths:2 | Got a pair of slimy boots {god gift}
 44814 | Depths:2 | Identified the +0 pair of boots of the Forest {rPois} (Okawaru gifted it to you on level 2 of the Depths)
 44962 | Depths:2 | Reached skill level 5 in Translocations
 45029 | Depths:2 | Reached XP level 26. HP: 75/189 MP: 36/37
 45492 | Depths:2 | Reached skill level 1 in Air Magic
 45611 | D:13     | Gained mutation: You have razor-sharp toenails. [evolution]
 45819 | Temple   | Fell from the grace of Okawaru
 45819 | Temple   | Became a worshipper of the Shining One
 46372 | Crypt:1  | Entered Level 1 of the Crypt
 46446 | Crypt:1  | Reached * piety under the Shining One
 46502 | Crypt:1  | Reached ** piety under the Shining One
 46814 | Crypt:1  | Reached *** piety under the Shining One
 47141 | Crypt:2  | Noticed Khufu
 47141 | Crypt:2  | Noticed a greater mummy
 47141 | Crypt:2  | Noticed a greater mummy
 47144 | Crypt:2  | Reached **** piety under the Shining One
 47218 | Crypt:2  | Killed a greater mummy
 47222 | Crypt:2  | Killed a greater mummy
 47228 | Crypt:2  | Killed Khufu
 47291 | Crypt:2  | Reached ***** piety under the Shining One
 47468 | Crypt:2  | Noticed Jorgrun
 47479 | Crypt:2  | Killed Jorgrun
 47608 | Crypt:2  | Reached ****** piety under the Shining One
 47775 | Crypt:2  | Noticed Boris
 47785 | Crypt:2  | Killed Boris
 47883 | Crypt:3  | Entered Level 3 of the Crypt
 47941 | Crypt:3  | Found a staircase to the Tomb.
 48201 | Crypt:3  | Reached skill level 5 in Air Magic
 48286 | Crypt:3  | Learned a level 9 spell: Dragon's Call
 48405 | Crypt:3  | Noticed a greater mummy
 48422 | Crypt:3  | Killed a greater mummy
 48422 | Crypt:3  | Reached XP level 27. HP: 139/189 MP: 39/39
 48450 | Crypt:3  | Got an encrusted chain mail
 48453 | Crypt:3  | Identified the +2 chain mail of Joy {-Cast rElec Slay+5 SInv} (You found it on level 3 of the Crypt)
 48483 | Crypt:3  | Got a pair of scorched gloves
 48486 | Crypt:3  | Identified the -7 pair of gloves of Quantum Leap {*Contam rCorr Str-2 Int+8} (You acquired it on level 3 of the Crypt)
 49233 | D:13     | Identified a +9 executioner's axe of holy wrath (a +8 executioner's axe of electrocution blessed by the Shining One)
 49233 | D:13     | Received a gift from the Shining One
 49419 | Temple   | Fell from the grace of the Shining One
 49419 | Temple   | Became a worshipper of Makhleb the Destroyer
 49838 | Depths:3 | Cast into level 2 of the Abyss (hell knight)
 49897 | Abyss:2  | Found a corrupted altar of Lugonu.
 49944 | Abyss:2  | Found a corrupted altar of Lugonu.
 49981 | Abyss:2  | Found a roughly hewn altar of Beogh.
 50280 | Depths:3 | Escaped the Abyss
 50364 | Depths:3 | Found a one-way gate leading to the halls of Pandemonium.
 50481 | Depths:3 | Reached * piety under Makhleb
 50502 | Depths:3 | Noticed a juggernaut
 50631 | Depths:3 | Reached ** piety under Makhleb
 50644 | Depths:3 | Was forgiven by Okawaru
 50827 | Depths:3 | Got a pair of dazzling boots
 50830 | Depths:3 | Identified the +0 pair of boots of Darkness {Dex+5} (You found it on level 3 of the Depths)
 50877 | Depths:3 | Found Jiduh's Armour Shop.
 50920 | Depths:3 | Reached *** piety under Makhleb
 51133 | Depths:3 | Killed a juggernaut
 51502 | Depths:4 | Reached **** piety under Makhleb
 51609 | Depths:4 | Found a one-way gate to the infinite horrors of the Abyss.
 52249 | Depths:4 | Reached ***** piety under Makhleb
 52404 | Depths:4 | Reached skill level 10 in Translocations
 52429 | Depths:4 | Lost mutation: Scrolls take you a little longer to read. [potion of mutation]
 52522 | Depths:5 | Entered Level 5 of the Depths
 52597 | Depths:5 | Found a flickering gateway to a bazaar.
 52625 | Bazaar   | Entered a bazaar
 52636 | Bazaar   | Found Hice's Antique Weapon Boutique.
 52643 | Bazaar   | Found Ocoluh's Jewellery Emporium.
 52651 | Bazaar   | Found Ezivve's Assorted Antiques.
 52657 | Bazaar   | Found Ithis's Antique Weapon Emporium.
 52659 | Bazaar   | Bought a potion of heal wounds for 100 gold pieces
 52680 | Bazaar   | Bought the ring "Eroud" {rF+ rC++ Str+3 Int-2} for 645 gold pieces
 52916 | Depths:3 | Bought the +7 chain mail of Immorality {rC+ Regen+} for 749 gold pieces
 53068 | Depths:5 | Found Niry's Antique Armour Shoppe.
 53136 | Depths:5 | Found Ynumed's Gadget Shop.
 53319 | Depths:5 | Reached ****** piety under Makhleb
 53338 | Depths:5 | Lost mutation: You occasionally shout uncontrollably at your foes. [mutagenic meat]
 53397 | Depths:5 | Gained mutation: Your flesh is heat resistant. [mutagenic meat]
 53508 | Depths:5 | Reached skill level 10 in Necromancy
 53509 | Depths:5 | Found a deep blue altar of Sif Muna.
 53599 | Depths:5 | Identified Ciwiwuz's Almanac of the Escort
 53631 | Depths:5 | Reached skill level 15 in Spellcasting
 54090 | Depths:5 | Found a gate to the Realm of Zot.
 54407 | Vaults:5 | Entered Level 5 of the Vaults
 54448 | Vaults:5 | Reached skill level 15 in Armour
 54623 | Vaults:5 | Got an ancient bardiche {chop}
 54624 | Vaults:5 | Identified the +2 bardiche of Defilement {chop, +Blink rPois Int+3} (You took it off a tengu reaver on level 5 of the Vaults)
 54684 | Vaults:5 | Got a silver rune of Zot
 54686 | Vaults:5 | Identified the Incunabulum of the Entourage
 54688 | Vaults:5 | Identified Iblit's Guide on Protection and Transmigration
 55231 | Vaults:5 | Got a scintillating turquoise ring
 55491 | Vaults:5 | Identified the ring "Heticwo" {SustAt rF+} (You took it off a vault warden on level 5 of the Vaults)
 55724 | Vaults:5 | Lost mutation: You evolve. [end of evolution]
 56104 | Pan      | Entered Pandemonium
 56111 | Pan      | Noticed Ydaoduli the pandemonium lord
 56113 | Pan      | Reached skill level 1 in Throwing
 56139 | Pan      | Killed Ydaoduli the pandemonium lord
 56139 | Pan      | Reached skill level 5 in Throwing
 56415 | Pan      | Was forgiven by the Shining One
 56560 | Pan      | Found an exit through the horrors of the Abyss.
 56692 | Pan      | Noticed Uptoess the pandemonium lord
 56694 | Pan      | Reached skill level 10 in Air Magic
 56701 | Pan      | Killed Uptoess the pandemonium lord
 56778 | Pan      | Found an exit through the horrors of the Abyss.
 56817 | Pan      | Noticed Yguiv the pandemonium lord
 56834 | Pan      | Killed Yguiv the pandemonium lord
 56976 | Pan      | Got a demonic rune of Zot
 57184 | Pan      | Found an exit through the horrors of the Abyss.
 57258 | Pan      | Noticed Fulupt the pandemonium lord
 57281 | Pan      | Killed Fulupt the pandemonium lord
 57343 | Pan      | Gained mutation: Scrolls take you a little longer to read. [a neqoxec]
 57348 | Pan      | Found a runed door.
 57357 | Pan      | Found a runed door.
 57358 | Pan      | Found a runed door.
 57360 | Pan      | Noticed Rygukk the pandemonium lord
 57365 | Pan      | Killed Rygukk the pandemonium lord
 57368 | Pan      | Found a runed door.
 57444 | Pan      | Reached skill level 15 in Invocations
 57462 | Pan      | Noticed Jichell the pandemonium lord
 57469 | Pan      | Killed Jichell the pandemonium lord
 57555 | Pan      | Found an exit through the horrors of the Abyss.
 57566 | Pan      | Lost mutation: Your natural rate of healing is unusually fast. [a neqoxec]
 57568 | Pan      | Gained mutation: You are dopey. (Int -2) [a neqoxec]
 57840 | Pan      | Gained mutation: Scrolls take you longer to read. [a cacodemon]
 57875 | Pan      | Found an exit through the horrors of the Abyss.
 57889 | Pan      | Noticed Cohosema the pandemonium lord
 57909 | Pan      | Killed Cohosema the pandemonium lord
 57999 | Pan      | Gained mutation: You expend magic power (3 MP) to strengthen your wands. [a cacodemon]
 58007 | Pan      | Gained mutation: Scrolls take you much longer to read. [a cacodemon]
 58152 | Pan      | Noticed Poca the pandemonium lord
 58164 | Pan      | Killed Poca the pandemonium lord
 58314 | Pan      | Found an exit through the horrors of the Abyss.
 58468 | Pan      | Noticed Noucujag the pandemonium lord
 58475 | Pan      | Killed Noucujag the pandemonium lord
 58486 | Pan      | Gained mutation: Your spells are easier to cast, but less powerful. [a neqoxec]
 58661 | Pan      | Found an exit through the horrors of the Abyss.
 58725 | Pan      | Noticed Qoafoxki the pandemonium lord
 58745 | Pan      | HP: 4/195 [Qoafoxki the pandemonium lord (33)]
 58745 | Pan      | Annihilated by Qoafoxki the pandemonium lord

Skill      XL: |  1  2  3  4  5  6  7  8  9 10 11 12 13 14 15 16 17 18 19 20 21 22 23 24 25 26 27 |
---------------+----------------------------------------------------------------------------------+-----
Axes           | 3 4 6 7 8 10 12 14 16 17 18 22 23 25 26 | 26.2
Fighting       | 4 8 9 10 11 13 14 15 17 | 17.8
Shields        | 6 7 14 17 19 21 | 21.0
Charms         | 3 5 6 7 8 10 12 14 | 14.2
Necromancy     | 3 5 6 7 8 9 10 | 10.0
Spellcasting   | 3 5 7 8 10 12 20 | 20.0
Armour         | 4 6 7 8 9 10 19 | 19.6
Invocations    | 11 16 | 16.0
Dodging        | 4 5 6 |  6.4
Translocations | 5 8 10 | 10.4
Air Magic      | 5 11 | 11.5
Throwing       | 7 |  7.1

Action                   |  1- 3 |  4- 6 |  7- 9 | 10-12 | 13-15 | 16-18 | 19-21 | 22-24 | 25-27 || total
-------------------------+-------+-------+-------+-------+-------+-------+-------+-------+-------++-------
Melee: War axe           |    50 |       |       |   522 |   723 |     7 |       |       |       ||  1302
       Hand axe          |    39 |   170 |   432 |   288 |       |       |       |       |       ||   929
       Flail             |       |       |     6 |   110 |       |       |       |       |       ||   116
       Battleaxe         |       |       |       |       |   334 |   511 |       |       |       ||   845
       Executioner's axe |       |       |       |       |       |   677 |  1099 |  1360 |  3438 ||  6574
 Cast: Regeneration      |       |       |       |       |       |       |       |     5 |    49 ||    54
       Song of Slaying   |       |       |       |       |       |       |       |     2 |    37 ||    39
       Warp Weapon       |       |       |       |       |       |       |       |       |    35 ||    35
Invok: Heroism           |       |       |       |     7 |     8 |     3 |     2 |     5 |     1 ||    26
       Finesse           |       |       |       |       |       |       |       |     2 |     1 ||     3
       Brand Weapon With |       |       |       |       |       |       |       |       |     1 ||     1
 Abil: Dig               |       |     1 |       |       |       |       |       |     5 |       ||     6
       Stop Flying       |       |       |       |       |       |       |       |     1 |       ||     1
Evoke: Wand              |       |       |       |     8 |     5 |       |       |     1 |       ||    14
  Use: Scroll            |       |       |    10 |     6 |     7 |    20 |     6 |    15 |    15 ||    79
       Potion            |       |       |     1 |     1 |     5 |     5 |       |     4 |     7 ||    23
 Stab: Paralysed         |       |       |       |    20 |     2 |       |       |       |       ||    22
       Petrifying        |       |       |       |       |     1 |       |       |       |       ||     1
       Distracted        |       |       |       |       |       |     1 |       |       |       ||     1
  Eat: Chunk             |     1 |     4 |    15 |    42 |    23 |    62 |    15 |    23 |    53 ||   238
       Beef jerky        |       |       |       |     1 |       |       |       |     3 |     2 ||     6
       Royal jelly       |       |       |       |     1 |       |       |       |       |     1 ||     2
       Pizza             |       |       |       |       |       |       |     2 |     2 |     6 ||    10
       Fruit             |       |       |       |       |       |       |       |       |    15 ||    15
Armor: Scale mail        |    33 |    53 |    34 |       |       |       |       |       |       ||   120
       Chain mail        |       |       |    90 |   305 |   389 |   395 |   227 |   193 |   840 ||  2439
       Skin              |       |       |    56 |       |       |       |       |       |       ||    56
       Plate armour      |       |       |       |    83 |       |       |       |       |       ||    83
       Gold dragon armou |       |       |       |       |       |       |    47 |   141 |     5 ||   193
Dodge: Dodged            |    25 |    48 |    58 |   129 |   139 |   145 |   108 |   211 |   740 ||  1603
Block: Shield            |    54 |    95 |   233 |   353 |       |       |       |       |       ||   735
       Large shield      |       |       |       |   135 |   873 |   958 |   949 |  1300 |  3449 ||  7664
